 Dungeon Crawl Stone Soup version 0.31-a0-845-g9abc20d24f (webtiles) character file.

Game seed: 15350077869200459271

168 Darius099 the Chopper (level 5, 0/46 HPs)
             Began as a Minotaur Fighter on Oct 3, 2023.
             Slain by a phantom (4 damage)
             ... on level 4 of the Dungeon.
             The game lasted 00:04:35 (2302 turns).

Darius099 the Chopper (Minotaur Fighter)            Turns: 2302, Time: 00:04:35

Health: 0/46       AC:  9    Str: 22    XL:     5   Next: 23%
Magic:  4/4        EV:  8    Int:  5    God:
Gold:   152        SH:  5    Dex: 16    Spells: 4/4 levels left

rFire   . . .        a - +0 war axe
rCold   . . .        c - +0 buckler
rNeg    + . .        q - +0 chain mail
rPois   .            (helmet restricted)
rElec   .            (no cloak)
rCorr   .            (no gloves)
SInv    .            (no boots)
Will    .....        (no amulet) Stlth
                     b - ring of positive energy
HPRegen 0.27/turn    r - +6 ring of dexterity
MPRegen 0.09/turn

%: no passive effects
@: weakened
A: horns 2, retaliatory headbutt
a: no special abilities


You were on level 4 of the Dungeon.
You visited 1 branch of the dungeon, and saw 4 of its levels.

You collected 152 gold pieces.

Inventory:

Hand Weapons
 a - a +0 war axe (weapon)
Armour
 c - a +0 buckler (worn)
 h - a +0 plate armour
 q - a +0 chain mail (worn)
Jewellery
 b - a ring of positive energy (left hand)
 r - a +6 ring of dexterity (right hand)
Wands
 p - a wand of mindburst (10)
Scrolls
 j - 2 scrolls of identify {unknown}
 l - 2 scrolls of immolation {unknown}
 n - 2 scrolls of fear {unknown}
 o - a scroll of amnesia {unknown}
 s - a scroll of torment {unknown}
Potions
 d - 2 potions of might
 e - a potion of berserk rage {unknown}
 f - 3 potions of enlightenment {unknown}
 g - a potion of curing {unknown}
 i - a potion of mutation {unknown}
 k - 2 potions of brilliance {unknown}
 m - 2 potions of haste {unknown}


   Skills:
 - Level 3.8 Fighting
 + Level 6.3 Axes
 - Level 3.8 Armour
 - Level 3.8 Shields


You had 4 spell levels left.
You didn't know any spells.
Your spell library contained the following spells:

 Spells                   Type           Power      Damage    Failure   Level
 Dazzling Flash           Conj/Hex       0%         N/A       100%        3
 Ozocubu's Armour         Ice            0%         N/A       100%        3
 Animate Dead             Necr           0%         N/A       100%        4
 Agony                    Necr           0%         N/A       100%        5
 Alistair's Intoxication  Tmut/Pois      0%         N/A       100%        5
 Borgnjor's Vile Clutch   Necr/Erth      0%         N/A       100%        5
 Metabolic Englaciation   Hex/Ice        0%         N/A       100%        5
 Silence                  Hex/Air        0%         N/A       100%        5
 Death Channel            Necr           0%         N/A       100%        6
 Eringya's Noxious Bog    Tmut/Pois      0%         4d6       100%        6
 Simulacrum               Ice/Necr       0%         N/A       100%        6


Dungeon Overview and Level Annotations

Branches:
Dungeon (4/15)
 Temple: D:4-7

Altars:
Elyvilon
Ru
Wu Jian

Shops:
D:1 [


Innate Abilities, Weirdness & Mutations

You have a pair of horns on your head.
You reflexively headbutt those who attack you in melee.


Message History

You hit the gnoll bouda but do no damage.
The gnoll bouda is almost dead.
You miss the phantom. You block the gnoll bouda's attack.
The gnoll bouda gazes fiercely through you!
You feel as though you will be weak longer.
The gnoll bouda hits you with a +1 vampiric whip!
The gnoll bouda draws strength from your wounds!
The phantom closely misses you.
You hit the gnoll bouda.
You kill the gnoll bouda!
You closely miss the phantom. You block the phantom's attack.
Your Axes skill increases to level 6!
You have reached level 5!
You hit the sleepcap. You headbutt the sleepcap!
The sleepcap is moderately damaged.
You closely miss the phantom. You block the sleepcap's attack.
The phantom hits you but does no damage.
You hit the sleepcap but do no damage. You headbutt the sleepcap.
The sleepcap is heavily damaged.
You barely miss the phantom. You block the sleepcap's attack.
The phantom closely misses you.
You slash the sleepcap!
The sleepcap is severely damaged.
You slash the phantom! The sleepcap releases spores at you.
You are engulfed in a cloud of soporific spores!
You fall asleep.
The phantom hits you!
You wake up.
* * * LOW HITPOINT WARNING * * *
The sleepcap releases spores at you but does no damage.
The phantom hits you but does no damage.
You hit the sleepcap.
The sleepcap is almost destroyed.
You hit the phantom. The sleepcap releases spores at you.
* * * LOW HITPOINT WARNING * * *
You block the phantom's attack.
You hit the sleepcap.
You destroy the sleepcap!
You hit the phantom but do no damage. You block the phantom's attack.
The phantom attacks as it pursues you! The phantom hits you.
You die...

# #. # #. . # #
$. .W .# ########
.# ... ..#
........ ##.#
..o##.# .######
#..#...##..# .##
#....###..# ..#
#.####W@.# #†###
####...o..###
....###......####
#....##..#####.
##.............
#..............
######.........
###..##..#
##..##..


You could see a phantom and an orc.

Vanquished Creatures
  A gnoll bouda (D:4)
  A sleepcap (D:4)
  3 gnolls (D:3)
  4 adders
  A dart slug (D:2)
  An orc (D:3)
  6 endoplasms
  A giant cockroach (D:2)
  4 goblins
  3 hobgoblins
  3 jackals (D:3)
  A quokka (D:1)
  4 ball pythons
  4 bats
  3 frilled lizards
  A kobold (D:3)
  7 rats
48 creatures vanquished.

Notes
Turn   | Place    | Note
-------+----------+-------------------------------------------
     0 | D:1      | Darius099 the Minotaur Fighter began the quest for the Orb.
     0 | D:1      | Reached XP level 1. HP: 19/19 MP: 0/0
    26 | D:1      | Found Boweemne's Armour Emporium.
   467 | D:1      | Reached XP level 2. HP: 27/27 MP: 1/1
   554 | D:1      | Reached skill level 3 in Axes
  1397 | D:2      | Reached XP level 3. HP: 31/33 MP: 2/2
  1636 | D:3      | Reached skill level 4 in Axes
  1674 | D:3      | Found an ornate altar of the Wu Jian Council.
  1761 | D:3      | Found a white marble altar of Elyvilon.
  1795 | D:3      | Found a sacrificial altar of Ru.
  2002 | D:3      | Reached XP level 4. HP: 40/40 MP: 3/3
  2133 | D:3      | Reached skill level 5 in Axes
  2282 | D:4      | Noticed a phantom
  2297 | D:4      | Reached skill level 6 in Axes
  2297 | D:4      | Reached XP level 5. HP: 23/46 MP: 4/4
  2302 | D:4      | Slain by a phantom

Illustrated notes

Levels and vault maps discovered:
D:1:      minmay_arrival_open_corners, layout_basic, serial_shops, shop,
          kennysheep_doodads
D:2:      layout_basic, shapermc_ecumenical_altar_petra
D:3:      wander_river, layout_rooms, mainiacjoe_overflow_six_doors_small,
          elyvilon_altar_5, nzn_wu_jian_contemplation
D:4:      minmay_evil_eye, layout_rooms, xom_redecorated,
          minmay_splitting_lines, hangedman_minor_gate_pass, uniq_pikel

Skill      XL: |  1  2  3  4 |
---------------+-------------+-----
Axes           | 3 4 6 |  6.3
Fighting       | |  3.8
Armour         | |  3.8
Shields        | |  3.8

Action                     |  1- 3 |  4- 6 || total
---------------------------+-------+-------++-------
  Melee: War axe           |    91 |    34 ||   125
         Headbutt          |     8 |     7 ||    15
 Armour: Scale mail        |    57 |       ||    57
         Chain mail        |     6 |    32 ||    38
  Dodge: Dodged            |    48 |    15 ||    63
  Block: Buckler           |    21 |    16 ||    37

Table legend: (Time is in decaauts)
 A = Elapsed time spent in this place.
 B = Non-inter-level travel time spent in this place.
 C = Inter-level travel time spent in this place.
 D = Time resting spent in this place.
 E = Time spent auto-exploring this place.
 F = Levels seen in this place.
 G = Mean time per level.
                   A        B        C        D        E       F      G
               +--------+--------+--------+--------+--------+-----+--------+
         Total |   2359 |   2282 |     77 |     35 |   1745 |   4 |  589.8 |
       Dungeon |   2359 |   2282 |     77 |     35 |   1745 |   4 |  589.8 |
               +--------+--------+--------+--------+--------+-----+--------+

Top non-repeatable levels by time:
     D:1: 895 daAuts
     D:2: 748 daAuts
     D:3: 652 daAuts
     D:4: 64 daAuts
